 Dungeon Crawl Stone Soup version 0.19.5 (webtiles) character file.

77 pps the Ducker (level 4, -1/22 HPs)
             Began as a Spriggan Artificer on Mar 22, 2017.
             Was a Follower of Qazlal.
             Slain by a centaur (2 damage)
             ... on level 3 of the Dungeon.
             The game lasted 00:14:14 (3123 turns).

pps the Ducker (Spriggan Artificer)                 Turns: 3123, Time: 00:14:15

Health: -1/22      AC:  2    Str:  9    XL:     4   Next: 14%
Magic:  8/8        EV: 19    Int: 12    God:    Qazlal [*.....]
Gold:   160        SH:  1    Dex: 16    Spells: 0 memorised, 3 levels left

rFire  . . .     SeeInvis +     a - +0 short sword
rCold  . . .     Gourm    .     b - +0 robe
rNeg   . . .     Faith    .     (shield restricted)
rPois  .         Spirit   .     (helmet restricted)
rElec  .         Reflect  .     (no cloak)
rCorr  .         Harm     .     (gloves unavailable)
MR     .....                    (boots unavailable)
Stlth  ++........               (no amulet)
                                (no ring)
                                (no ring)

@: very quick
A: unfitting armour, see invisible, herbivore 3, speed 3, slow metabolism 2
a: Renounce Religion


You were on level 3 of the Dungeon.
You worshipped Qazlal.
Qazlal was aware of your devotion.
You were not hungry.

You visited 1 branch of the dungeon, and saw 3 of its levels.

You collected 160 gold pieces.

Inventory:

Hand Weapons
 a - a +0 short sword (weapon)
 g - a +0 spear
 j - a +0 vampiric whip
 w - a +0 spear
 y - a cursed -3 whip
 z - a +0 spear
Missiles
 h - 122 stones (quivered)
 p - a throwing net
 t - 42 arrows
 u - 32 sling bullets
Armour
 b - a +0 robe (worn)
Wands
 c - a wand of flame (15/48)
 d - a wand of enslavement (15/24)
 e - a wand of random effects (15/48)
Scrolls
 m - a scroll of identify {unknown}
 n - a scroll of fear {unknown}
 o - a scroll of enchant weapon {unknown}
 v - a scroll of enchant armour {unknown}
 B - 2 scrolls of remove curse {unknown}
 C - a scroll of teleportation {unknown}
 D - a scroll of magic mapping {unknown}
Potions
 i - 3 potions of curing {unknown}
 k - 3 potions of haste {unknown}
 l - 2 potions of agility {unknown}
 r - a potion of mutation {unknown}
 s - a potion of berserk rage {unknown}
 A - a potion of degeneration {unknown}
Comestibles
 f - 3 bread rations
 q - a beef jerky
 x - 3 fruits


   Skills:
 + Level 1.2 Fighting
 + Level 3.0 Short Blades
 + Level 0.2 Throwing
 + Level 4.3 Dodging
 + Level 1.7 Stealth
 + Level 4.2 Evocations


You had 3 spell levels left.
You didn't know any spells.

Dungeon Overview and Level Annotations

Branches:
Dungeon (3/15)

Altars:
Elyvilon
Qazlal


Innate Abilities, Weirdness & Mutations

You are very small and have problems with some larger weapons.
You are too small for most types of armour.
You have supernaturally acute eyesight. (SInv)
You are a herbivore.
You cover ground extremely quickly.
You need consume almost no food.


Message History

The centaur misses you.
You hit the centaur.
The centaur is heavily wounded.
The centaur completely misses you. The centaur barely misses you.
You hit the centaur.
The centaur is severely wounded.
The centaur misses you.
You hit the centaur but do no damage.
The centaur is severely wounded.
The centaur misses you. x2
You closely miss the centaur.
The centaur is severely wounded.
The centaur hits you!
* * * LOW HITPOINT WARNING * * *
You are too injured to fight recklessly!
You are too injured to fight recklessly!
You hit the centaur but do no damage.
The centaur is severely wounded.
The centaur hits you.
You die...

#.# #.# #.# #.#
#.# #####
#.######## ≈≈≈#
#.##...... #≈###
#.##.#####
#.#@'.# ##.##.#
#c.'.# ##...#.#
##≈#.###......#
≈≈≈#..........#
#########.....##
##...##
##.########
#.#.......
#.#.####..


You could see a centaur.

Vanquished Creatures
  An adder (D:2)
  2 worms
  2 dart slugs (D:2)
  2 leopard geckos
  7 giant cockroaches
  11 goblins
  4 hobgoblins
  2 jackals (D:1)
  3 kobolds
  2 quokkas (D:2)
  5 bats
  2 frilled lizards
  11 rats
54 creatures vanquished.

Vanquished Creatures (others)
  A hobgoblin (D:2)
1 creature vanquished.

Grand Total: 55 creatures vanquished

Notes
Turn   | Place    | Note
-------+----------+-------------------------------------------
     0 | D:1      | pps the Spriggan Artificer began the quest for the Orb.
     0 | D:1      | Reached XP level 1. HP: 9/9 MP: 4/4
   320 | D:1      | Reached XP level 2. HP: 9/14 MP: 6/6
   575 | D:1      | Reached skill level 1 in Fighting
  1080 | D:1      | Reached XP level 3. HP: 1/18 MP: 7/7
  1579 | D:2      | Found a white marble altar of Elyvilon.
  1619 | D:2      | Noticed a fire elemental
  1623 | D:2      | Found a stormy altar of Qazlal.
  1635 | D:2      | Noticed an earth elemental
  1638 | D:2      | Noticed an air elemental
  1638 | D:2      | Noticed a water elemental
  1643 | D:2      | Became a worshipper of Qazlal Stormbringer
  2412 | D:2      | Reached XP level 4. HP: 22/22 MP: 8/8
  2942 | D:3      | Reached * piety under Qazlal
  3106 | D:3      | Noticed a centaur
  3122 | D:3      | HP: 1/22 [centaur (9)]
  3123 | D:3      | Slain by a centaur

Skill      XL: |  1  2  3  4 |
---------------+-------------+-----
Fighting       | 1 |  1.2
Short Blades   | 2 3 |  3.0
Dodging        | 4 |  4.3
Throwing       | |  0.2
Stealth        | |  1.7
Evocations     | |  4.2

Action                   |  1- 3 |  4- 6 || total
-------------------------+-------+-------++-------
Melee: Short sword       |   185 |    42 ||   227
Throw: Stone             |    37 |    16 ||    53
 Stab: Distracted        |     1 |       ||     1
       Sleeping          |     1 |       ||     1
Armor: Robe              |    17 |     1 ||    18
Dodge: Dodged            |   177 |    31 ||   208
Block: Other             |       |     1 ||     1
